 Dungeon Crawl Stone Soup version 0.28-a0-1518-gbe868bca14 (webtiles) character file.

Game seed: 4760353580808087592

97983 chunkyMonkey the Warrior (level 16, -2/168 (176) HPs)
             Began as an Ogre Fighter on Jan 16, 2022.
             Was a High Priest of Okawaru.
             Succumbed to a meliai's poison
             ... on level 4 of the Lair of Beasts.
             The game lasted 00:57:21 (47476 turns).

chunkyMonkey the Warrior (Ogre Fighter)            Turns: 47476, Time: 00:57:21

HP:   -2/168 (176)  AC: 18    Str: 30    XL:     16   Next: 21%
MP:   29/29         EV:  9    Int:  9    God:    Okawaru [*****.]
Gold: 1432          SH:  0    Dex:  8    Spells: 31/33 levels left

rFire   + . .      SeeInvis .   B - +1 broad axe (drain)
rCold   + . .      Faith    .   i - +0 tower shield
rNeg    . . .      Spirit   .   C - +1 acid dragon scales
rPois   .          Reflect  +   K - +3 hat of the Insatiable Tusks {rF+}
rElec   .          Harm     .   z - +0 cloak
rCorr   +          Rampage  .   (gloves unavailable)
Will    +....                   (boots unavailable)
Stlth   ..........              V - amulet of reflection
HPRegen 0.38/turn               y - +4 ring of protection
MPRegen 0.21/turn               H - ring of protection from cold

@: confused, lethally poisoned (-2 -> -17), lightly drained
A: large, unfitting armour, tough skin 1
a: Renounce Religion, Heroism, Finesse, Duel


You were on level 4 of the Lair of Beasts.
You worshipped Okawaru.
Okawaru was extremely pleased with you.
You visited 4 branches of the dungeon, and saw 23 of its levels.

You collected 1432 gold pieces.

Inventory:

Hand Weapons
 f - the +8 flail "Erubroe" {drain, rC+ Dex+3 Stlth+}
   (Okawaru gifted it to you on level 6 of the Lair of Beasts)

   A truly terrible weapon, it drains the life of any living foe it strikes.
   Dex:       It affects your dexterity (+3).
   rC:        It protects you from cold.
   Stlth:     It makes you more stealthy.
 p - a +2 demon trident of freezing
 B - a +1 broad axe of draining (weapon)
 L - the +3 whip "Xenafewu" {speed, Str+10}
   (You took it off a centaur on level 13 of the Dungeon)

   Attacks with this weapon are significantly faster.
   Str:       It affects your strength (+10).
 W - the +8 whip "Snakebite" {venom, curare, rPois}
   (You found it on level 1 of the Lair of Beasts)

   It poisons the flesh of those it strikes.
   It occasionally inflicts asphyxiating poison on those it strikes, dealing
   poison damage and causing slowness.
   rPois:     It protects you from poison.
 Y - a +3 hand axe of flaming
Missiles
 g - 6 throwing nets
 o - 6 atropa-tipped darts
 M - 30 large rocks (quivered)
Armour
 i - a +0 tower shield (worn)
 t - +2 fire dragon scales
 z - a +0 cloak (worn)
 C - +1 acid dragon scales (worn)
 K - the +3 hat of the Insatiable Tusks (worn) {rF+}
   (Okawaru gifted it to you on level 14 of the Dungeon)

   rF:        It protects you from fire.
 Z - the +1 kite shield "Lathrisi" {Fly rElec Int+2}
   (You found it on level 5 of the Lair of Beasts)

   Int:       It affects your intelligence (+2).
   rElec:     It insulates you from electricity.
   Fly:       It grants you flight.
Jewellery
 a - a +4 ring of protection
 r - a ring of flight
 y - a +4 ring of protection (left hand)
 E - a ring of ice
 H - a ring of protection from cold (right hand)
 N - an amulet of the acrobat
 P - a ring of positive energy
 V - an amulet of reflection (around neck)
Wands
 b - a wand of iceblast (27)
 c - a wand of polymorph (10)
 j - a wand of acid (11)
 k - a wand of flame (32)
 s - a wand of mindburst (9)
 I - a wand of digging (20)
 J - a wand of paralysis (6)
Scrolls
 e - 2 scrolls of holy word
 m - 6 scrolls of blinking
 n - 2 scrolls of identify
 q - 6 scrolls of enchant armour
 v - 2 scrolls of fog
 D - 3 scrolls of fear
 O - 6 scrolls of amnesia
 Q - 3 scrolls of magic mapping
 R - 2 scrolls of enchant weapon
 U - 3 scrolls of teleportation
Potions
 d - 3 potions of flight
 h - 4 potions of brilliance
 l - 2 potions of might
 u - 6 potions of curing
 A - 2 potions of magic
 S - 2 potions of haste
Miscellaneous
 T - a tin of tremorstones (2/2)


   Skills:
 * Level 15.6 Fighting
 * Level 11.2(13.5) Axes
 * Level 11.1(12.8) Maces & Flails
 * Level 8.2 Throwing
 + Level 7.0 Armour
 - Level 8.0 Dodging
 * Level 11.2 Shields
 + Level 9.1 Spellcasting
 - Level 4.1 Poison Magic
 + Level 4.2 Invocations


You had 31 spell levels left.
You knew the following spells:

 Your Spells              Type           Power      Damage    Failure   Level
a - Poisonous Vapours     Pois/Air       14%        N/A       41%         2

Your spell library contained the following spells:

 Spells                   Type           Power      Damage    Failure   Level
 Apportation              Tloc           8%         N/A       56%         1
 Corpse Rot               Necr/Air       8%         N/A       71%         2
 Sublimation of Blood     Necr           4%         N/A       71%         2
 Ignite Poison            Fire/Tmut/Pois 6%         N/A       77%         3
 Conjure Flame            Conj/Fire      4%         6-21      91%         3
 Portal Projectile        Hex/Tloc       8%         N/A       91%         3
 Cause Fear               Hex            2%         N/A       100%        4
 Fulminant Prism          Conj/Hex       2%         3d6       100%        4
 Iskenderun's Mystic Bla  Conj/Tloc      4%         2d3       100%        4
 Leda's Liquefaction      Hex/Erth       2%         N/A       100%        4
 Petrify                  Tmut/Erth      4%         N/A       100%        4
 Sticky Flame             Conj/Fire      4%         2d3       100%        4
 Alistair's Intoxication  Tmut/Pois      4%         N/A       100%        5
 Blade Hands              Tmut           2%         N/A       100%        5
 Excruciating Wounds      Necr           2%         N/A       100%        5
 Irradiate                Conj/Tmut      2%         3d14      100%        5
 Lee's Rapid Deconstruct  Erth           2%         3d5*      100%        5
 Eringya's Noxious Bog    Tmut/Pois      3%         N/A       100%        6
 Statue Form              Tmut/Erth      2%         N/A       100%        6
 Dragon Form              Tmut           2%         N/A       100%        7
 Call Canine Familiar     Summ           Unusable   N/A       N/A         3
 Summon Ice Beast         Ice/Summ       Unusable   N/A       N/A         4
 Summon Forest            Summ/Tloc      Unusable   N/A       N/A         5
 Summon Mana Viper        Hex/Summ       Unusable   N/A       N/A         5
 Monstrous Menagerie      Summ           Unusable   N/A       N/A         7
 Summon Hydra             Summ           Unusable   N/A       N/A         7
 Dragon's Call            Summ           Unusable   N/A       N/A         9

Dungeon Overview and Level Annotations

Branches:
Dungeon (15/15)            Temple (1/1) D:5            Lair (6/6) D:10
  Swamp (0/4) Lair:4       Spider (1/4) Lair:4        Slime (0/5) Lair:5
    Orc (0/2) D:9          Vaults (0/5) D:14         Depths (0/4) D:15

Altars:
Ashenzari
Cheibriados
Dithmenos
Elyvilon
Fedhas
Gozag
Hepliaklqana
Kikubaaqudgha
Makhleb
Nemelex Xobeh
Okawaru
Qazlal
Ru
Sif Muna
Trog
Uskayaw
Vehumet
Wu Jian
Xom
Yredelemnul
Zin
The Shining One
Jiyva

Annotations:
D:2 1 runed translucent door, Crazy Yiuf
D:8 1 runed translucent door, awesomeguy42's ghost, novice HuNe
Lair:1 6 runed translucent doors
Lair:4 exclusion: oklob plant
Lair:5 1 runed translucent door, shadowrider38's ghost, journeyman MfGl


Innate Abilities, Weirdness & Mutations

You are too large for most types of armour.
You have tough skin. (AC +1)


Message History

The meliai hits you but does no damage.
The meliai stings you but does no damage.
The meliai barely misses you. The meliai stings you.
* * * LOW HITPOINT WARNING * * *
The meliai hits you with a +0 hand axe.
* * * LOW HITPOINT WARNING * * *
The meliai closely misses you.
The jumping spider leaps!
You miss the meliai. You barely miss the tarantella. You slice the meliai!!
You kill the meliai!
Okawaru accepts your kill.
You slash the meliai! You drain the meliai! The meliai barely misses you.
The meliai closely misses you. The meliai hits you but does no damage.
The meliai stings you.
* * * LOW HITPOINT WARNING * * *
The tarantella closely misses you. The meliai barely misses you.
The meliai misses you. The meliai barely misses you.
The meliai stings you but does no damage.
The tarantella touches you but does no damage.
Unknown command.
You feel much better. The meliai hits you with a +0 hand axe.
* * * LOW HITPOINT WARNING * * *
The meliai stings you but does no damage.
The meliai hits you with a +0 hand axe.
* * * LOW HITPOINT WARNING * * *
The meliai stings you.
* * * LOW HITPOINT WARNING * * *
The meliai hits you with a +0 hand axe.
* * * LOW HITPOINT WARNING * * *
The meliai stings you.
* * * LOW HITPOINT WARNING * * *
You are lethally poisoned!
The meliai poisons you! The tarantella barely misses you.
The meliai mumbles some strange prayers to its god against you.
Something smites you!
* * * LOW HITPOINT WARNING * * *
You barely miss the meliai. You slash the meliai!
You kill the meliai!
Okawaru accepts your kill.
You slash the tarantella! You drain the tarantella.
You die...

........## #P...............#
.......## ##...............##
.......####..##............##
#......##...#^##...^......#.#####
##....#.#..##^^.^....^....#..##.#
#....####..#^^.............#.....
#####.###..#^^...##^.......##....
####.#.....^^^##^......###...
##<....#^@s^###......#.#.. ###
##.#...#^^^y^^###.....###..
#.####.###.##^s..^###.....## #..
##.#..####.##^...........## ###
##.?## #..#........^..### #.
###....###......)^.....## ##
#.....##.#.............#
................##.##.## ♣♣♣
...>.........########## ♣♣§≈


You could see a jumping spider, a tarantella (drained) and a meliai.

Vanquished Creatures
  Rupert (D:13)
  Agnes (D:15)
  A dire elephant (Lair:5)
  Snorg (Lair:5)
  An ettin (D:15)
  Harold (D:8)
  16 hydras
  3 boulder beetles
  7 centaur warriors
  2 catoblepae
  A death yak (Lair:6)
  4 two-headed ogres
  5 tengu warriors
  Urug (Lair:6)
  2 goliath frogs (Lair:6)
  A pharaoh ant (Lair:4)
  A wizard (D:15)
  2 deep trolls (D:15)
  An orc knight (D:13)
  Pikel (D:6)
  15 ugly things
  A deep elf pyromancer (D:13)
  10 cyclopes
  2 manticores
  19 elephants
  A wolf spider (Lair:4)
  3 black mambas
  Joseph (D:7)
  Maurice (D:11)
  3 gargoyles
  A torpor snail (Lair:5)
  21 cane toads
  Maggie (D:6)
  6 rime drakes
  4 tengu conjurers
  9 komodo dragons
  4 yaktaurs (D:15)
  6 meliai
  3 polar bears
  2 trolls
  2 tarantellas (Lair:1)
  A tarantella (shapeshifter) (D:14)
  2 tyrant leeches (Lair:6)
  Prince Ribbit (D:7)
  9 slime creatures (D:12)
  28 blink frogs
  5 dream sheep (Lair:5)
  2 jumping spiders (Lair:1)
  2 centaur simulacra
  A spriggan (Lair:1)
  A shadow (D:12)
  51 yaks
  3 basilisks
  16 humans
  5 wraiths
  5 wyverns
  Menkaure (D:5)
  2 redbacks (Lair:4)
  10 vampire mosquitoes
  An acid dragon (D:11)
  15 water moccasins
  A swamp worm (Lair:4)
  2 ice beasts
  2 orc warriors
  6 black bears
  8 necrophages
  A sky beast (D:8)
  3 ogres
  13 centaurs
  A phantom (D:7)
  A kobold brigand (D:7)
  A wyvern zombie (D:8)
  21 bullfrogs
  A scorpion (D:10)
  A gnoll sergeant (D:6)
  2 wyvern skeletons
  3 water moccasin skeletons
  3 killer bees (D:6)
  10 wights
  5 electric eels
  2 howler monkeys
  5 centaur zombies
  A bullfrog zombie (D:6)
  A jelly (D:4)
  3 orc priests
  2 hounds
  A bullfrog skeleton (D:6)
  8 orc wizards
  3 iguanas
  A hound skeleton (D:4)
  A howler monkey zombie (D:10)
  13 adders
  11 gnolls
  A white imp (D:7)
  An ufetubus (D:6)
  An adder skeleton (D:4)
  2 dart slugs
  24 orcs
  7 endoplasms
  6 giant cockroaches
  11 goblins
  7 hobgoblins
  2 jackals (D:3)
  13 kobolds
  5 ball pythons
  4 bats (D:1)
  5 frilled lizards
  6 rats
561 creatures vanquished.

Vanquished Creatures (others)
  76 fungi
  130 plants
  2 withered plants (D:8)
208 creatures vanquished.

Grand Total: 769 creatures vanquished

Notes
Turn   | Place    | Note
-------+----------+-------------------------------------------
     0 | D:1      | chunkyMonkey the Ogre Fighter began the quest for the Orb.
     0 | D:1      | Reached XP level 1. HP: 24/24 MP: 1/1
   162 | D:1      | Reached XP level 2. HP: 26/32 MP: 2/2
   374 | D:1      | Found a faded altar of an unknown god.
   589 | D:1      | Reached XP level 3. HP: 34/39 MP: 3/3
  1534 | D:2      | Found a runed translucent door.
  1535 | D:2      | Noticed Crazy Yiuf
  1579 | D:2      | Reached XP level 4. HP: 49/49 MP: 5/5
  2247 | D:3      | Reached skill level 1 in Axes
  2367 | D:3      | Noticed an ice beast
  2374 | D:3      | Killed an ice beast
  2375 | D:3      | Reached skill level 1 in Spellcasting
  2375 | D:3      | Reached XP level 5. HP: 39/55 MP: 6/6
  2626 | D:3      | Reached skill level 1 in Armour
  3176 | D:4      | Reached skill level 5 in Fighting
  3176 | D:4      | Reached XP level 6. HP: 28/66 MP: 8/8
  3705 | D:4      | Reached XP level 7. HP: 29/72 MP: 9/9
  4497 | D:5      | Entered Level 5 of the Dungeon
  6071 | D:5      | Noticed Menkaure
  6079 | D:5      | Killed Menkaure
  6080 | D:5      | Reached skill level 6 in Fighting
  6607 | D:5      | Found a staircase to the Ecumenical Temple.
  6840 | D:5      | Found a shadowy altar of Dithmenos.
  6841 | D:5      | Found a radiant altar of Vehumet.
  7034 | Temple   | Entered the Ecumenical Temple
  7163 | D:6      | Noticed Pikel
  7175 | D:6      | Killed Pikel
  7176 | D:6      | Reached XP level 8. HP: 46/84 MP: 10/12
  7224 | D:6      | Noticed a troll
  7799 | D:6      | Reached skill level 7 in Fighting
  7799 | D:6      | Reached skill level 5 in Shields
  7866 | D:6      | Reached skill level 5 in Dodging
  8054 | D:6      | Noticed Maggie
  8065 | D:6      | Killed Maggie
  8066 | D:6      | Reached XP level 9. HP: 55/93 MP: 12/14
  9564 | D:6      | Reached skill level 5 in Maces & Flails
 10265 | D:6      | Reached skill level 8 in Fighting
 10949 | D:6      | Killed a troll
 11889 | D:7      | Reached XP level 10. HP: 105/106 MP: 16/16
 11903 | D:7      | Noticed Prince Ribbit
 11906 | D:7      | Noticed Joseph
 11922 | D:7      | Killed Joseph
 11924 | D:7      | Killed Prince Ribbit
 12772 | D:8      | Found an opulent altar of Gozag.
 12930 | D:8      | Found a snail-covered altar of Cheibriados.
 12933 | D:8      | Found a bloodstained altar of Trog.
 13089 | D:8      | Reached skill level 9 in Fighting
 13453 | D:8      | Found a runed translucent door.
 13453 | D:8      | Noticed awesomeguy42's ghost (novice HuNe)
 13526 | D:8      | Noticed Harold
 13543 | D:8      | Killed Harold
 13544 | D:8      | Reached skill level 5 in Axes
 13973 | D:8      | Noticed a two-headed ogre
 13984 | D:8      | Killed a two-headed ogre
 13985 | D:8      | Reached skill level 5 in Spellcasting
 14768 | D:9      | Found a blossoming altar of Fedhas.
 15232 | D:9      | Found an iron altar of Okawaru.
 15261 | D:9      | Became a worshipper of Warmaster Okawaru
 15270 | D:9      | Found a staircase to the Orcish Mines.
 15359 | D:9      | Reached XP level 11. HP: 70/109 MP: 18/18
 15899 | D:10     | Entered Level 10 of the Dungeon
 15951 | D:10     | Reached skill level 10 in Fighting
 16326 | D:9      | Reached * piety under Okawaru
 18387 | D:10     | Found a staircase to the Lair.
 18430 | D:10     | Reached ** piety under Okawaru
 19560 | D:11     | Noticed a manticore
 19579 | D:11     | Killed a manticore
 19579 | D:11     | Reached *** piety under Okawaru
 20379 | D:11     | Noticed a cyclops
 20389 | D:11     | Killed a cyclops
 20390 | D:11     | Reached skill level 11 in Fighting
 20646 | D:11     | Noticed a cyclops
 20654 | D:11     | Killed a cyclops
 20917 | D:11     | Reached **** piety under Okawaru
 20918 | D:11     | Reached XP level 12. HP: 41/130 MP: 17/20
 21508 | D:11     | Noticed a two-headed ogre
 21517 | D:11     | Killed a two-headed ogre
 21884 | D:11     | Noticed Maurice
 21900 | D:11     | Killed Maurice
 22241 | D:11     | Noticed a two-headed ogre
 22249 | D:11     | Killed a two-headed ogre
 22785 | D:12     | Noticed a five-headed hydra
 23734 | D:12     | Learned a level 2 spell: Poisonous Vapours
 23891 | D:12     | Killed a five-headed hydra
 24175 | D:12     | Reached skill level 5 in Armour
 25206 | D:13     | Reached skill level 12 in Fighting
 25206 | D:13     | Reached skill level 1 in Poison Magic
 25785 | D:13     | Noticed a seven-headed hydra
 25832 | D:13     | Noticed a centaur warrior
 25833 | D:13     | Reached skill level 1 in Throwing
 25838 | D:13     | Identified the +3 whip "Xenafewu" {speed, Str+10}
 25844 | D:13     | Reached skill level 1 in Invocations
 26027 | D:13     | Killed a centaur warrior
 26027 | D:13     | Received a gift from Okawaru
 26415 | D:13     | Killed a seven-headed hydra
 26416 | D:13     | Reached XP level 13. HP: 134/140 MP: 20/23
 27057 | D:14     | Noticed Rupert
 27057 | D:14     | Found a gate to the Vaults.
 27114 | D:14     | Reached ***** piety under Okawaru
 27979 | D:14     | Identified the +3 hat of the Insatiable Tusks {rF+}
                  | (Okawaru gifted it to you on level 14 of the Dungeon)
 27979 | D:14     | Received a gift from Okawaru
 29383 | D:14     | Reached skill level 13 in Fighting
 31058 | D:13     | Killed Rupert
 31059 | D:13     | Reached XP level 14. HP: 41/140 MP: 18/25
 31472 | D:15     | Entered Level 15 of the Dungeon
 31513 | D:15     | Received a gift from Okawaru
 31990 | D:15     | Received a gift from Okawaru
 31991 | D:15     | Reached skill level 5 in Throwing
 32574 | D:15     | Found a staircase to the Depths.
 32631 | D:15     | Noticed Agnes
 32655 | D:15     | Killed Agnes
 34323 | D:15     | Reached skill level 10 in Shields
 35479 | Lair:1   | Entered Level 1 of the Lair of Beasts
 35994 | Lair:2   | Received a gift from Okawaru
 36172 | Lair:1   | Reached skill level 14 in Fighting
 36327 | Lair:1   | Found a runed translucent door.
 36409 | Lair:1   | Received a gift from Okawaru
 36647 | Lair:1   | Found the +8 whip "Snakebite" {venom, curare, rPois}
 36790 | Lair:1   | Found a runed translucent gate.
 36790 | Lair:1   | Found a runed translucent gate.
 36790 | Lair:1   | Found a runed translucent gate.
 36790 | Lair:1   | Found a runed translucent gate.
 36791 | Lair:1   | Found a runed translucent gate.
 36812 | Lair:1   | Reached skill level 10 in Axes
 37133 | Lair:1   | Found a runed translucent gate.
 37785 | Lair:2   | Reached skill level 10 in Maces & Flails
 39254 | Lair:3   | You fall into a shaft and drop 3 floors!
 39254 | Lair:6   | Entered Level 6 of the Lair of Beasts
 39287 | Lair:6   | Reached XP level 15. HP: 76/165 MP: 27/27
 40254 | Lair:6   | Identified the +5 arbalest of the Moon {vorpal, *Corrode
                  | Str+3 Dex+5 Stlth+}
 40257 | Lair:6   | Identified the +0 plate armour "Abomnof" {rN++ Str+4}
 40477 | Lair:6   | Received a gift from Okawaru
 40664 | Lair:6   | Identified the +8 flail "Erubroe" {drain, rC+ Dex+3 Stlth+}
                  | (Okawaru gifted it to you on level 6 of the Lair of Beasts)
 40664 | Lair:6   | Received a gift from Okawaru
 40942 | Lair:6   | Identified the +8 fustibalus "Uvenkewk" {vorpal, Drain
                  | rElec Will+}
 41386 | Lair:6   | Noticed Urug
 41400 | Lair:6   | Killed Urug
 41646 | Lair:5   | Noticed Snorg
 41719 | Lair:5   | Killed Snorg
 41731 | Lair:5   | Reached skill level 15 in Fighting
 42066 | Lair:5   | Found a viscous altar of Jiyva.
 42067 | Lair:5   | Found a staircase to the Slime Pits.
 42125 | Lair:5   | Found a runed translucent door.
 42897 | Lair:5   | Identified the +1 kite shield "Lathrisi" {Fly rElec Int+2}
 43836 | Lair:5   | Received a gift from Okawaru
 44687 | Lair:5   | Noticed shadowrider38's ghost (journeyman MfGl)
 45135 | Lair:4   | Reached XP level 16. HP: 176/176 MP: 29/29
 45136 | Lair:4   | Found a hole to the Spider Nest.
 45202 | Lair:4   | Found a staircase to the Swamp.
 46449 | Lair:3   | Received a gift from Okawaru
 46554 | Lair:3   | Found an iron altar of Okawaru.
 46971 | Spider:1 | Entered Level 1 of the Spider Nest
 47474 | Lair:4   | HP: 6/167 [meliai (4)]
 47475 | Lair:4   | HP: 1/168 [meliai/divine providence (12)]
 47476 | Lair:4   | Succumbed to a meliai's poison

Illustrated notes

Levels and vault maps discovered:
D:1:      minmay_arrival_split_and_join, layout_loops_cross,
          hellmonk_ecumenical_altar_blasted, minmay_pentomino_q4
D:2:      layout_rooms, minmay_misc_feat_five, uniq_crazy_yiuf_cottage
D:3:      layout_rooms
D:4:      layout_basic
D:5:      layout_basic, mainiacjoe_overflow_divided_tiny,
          minmay_temple_entry_stoned_glass, serial_glass, glass_columns_a,
          glass_columns_a, glass_columns_a, glass_columns_a,
          roderic_serpentine_path, uniq_menkaure
D:6:      layout_basic, uniq_pikel, uniq_maggie
D:7:      layout_basic, uniq_joseph, uniq_prince_ribbit1
D:8:      layout_gridville, chequers_temple_overflow_statue_of_worship,
          amcnicky_altar_gilded, gammafunk_ghost_grave, uniq_harold
D:9:      layout_basic, mainiacjoe_overflow_catch_the_wave, orc_0_dummy
D:10:     layout_basic, due_lair_maze_entry_diamond, serial_corexii_hall,
          corexii_hall_statues_deadend, chequers_hall_statues_y
D:11:     layout_irregular_city, serial_glass, glass_columns_b, glass_columns_a,
          item_on_display_a, minmay_strange_pillars, kb_rosetta, uniq_maurice
D:12:     layout_irregular_city, serial_undead, serial_undead_c,
          serial_undead_e, serial_undead_c, serial_undead_c
D:13:     layout_long_grid
D:14:     layout_long_grid, david_vaults_3, minivault_23, bh_walls_and_bars
D:15:     hangedman_depths_entry_civil_slaughter, layout_loops_ring,
          gauntlet_entry_generic, hangedman_decor_riveting, uniq_agnes
Temple:   eino_wide_crystal_templ
Lair:1:   gammafunk_indiana_jones, layout_gridlike,
          grunt_forest_large_clearing_hut
Lair:2:   layout_small_grid
Lair:3:   layout_hall_layers, basic_altar, grunt_forest_small_clearing_treed,
          grunt_megastairs_1
Lair:4:   layout_cave_pods, minmay_swamp_entry_worms, spider_nest_entry_webs,
          minmay_lair_oklob_bushes, roderic_carrion_pond, lemuel_fruit_tree
Lair:5:   nzn_winding_woodlands_stair_trap [nzn_winding_woodlands_5x15_garden,
          nzn_winding_woodlands_5x15_cabin,
          nzn_winding_woodlands_5x15_pathside_ponds,
          nzn_winding_woodlands_15x15_killbox,
          nzn_winding_woodlands_5x15_jagged,
          nzn_winding_woodlands_5x15_longhouse,
          nzn_winding_woodlands_5x15_concentric], layout_loops_ring,
          slime_altar_1, ebering_ghost_reflecting_pool, st_stairs_6,
          serial_bayou_shore_b, serial_bayou_shore_b, infiniplex_staircase_pool,
          uniq_snorg
Lair:6:   minmay_lair_end_frog_pond, layout_long_grid, uniq_urug
Spider:1: layout_spider_delve, uniq_louise

Skill      XL: |  1  2  3  4  5  6  7  8  9 10 11 12 13 14 15 16 |
---------------+-------------------------------------------------+-----
Maces & Flails | 2 3 4 5 6 7 8 9 10 11 | 11.1
Shields        | 3 4 5 6 7 8 9 10 11 | 11.2
Dodging        | 3 4 5 6 7 8 |  8.0
Axes           | 1 2 3 4 5 6 8 9 10 11 | 11.2
Spellcasting   | 1 3 4 5 6 7 8 9 |  9.1
Armour         | 1 2 3 4 5 6 7 |  7.0
Fighting       | 5 6 7 8 9 11 12 13 14 15 | 15.6
Poison Magic   | 1 2 3 4 |  4.1
Throwing       | 2 4 6 7 8 |  8.2
Invocations    | 1 3 4 |  4.2

Action                   |  1- 3 |  4- 6 |  7- 9 | 10-12 | 13-15 | 16-18 || total
-------------------------+-------+-------+-------+-------+-------+-------++-------
Melee: Flail             |    81 |   139 |   190 |    94 |   329 |       ||   833
       Broad axe         |       |       |    91 |   481 |   301 |    27 ||   900
       Whip              |       |       |    75 |     6 |   589 |   136 ||   806
       Hand axe          |       |       |       |       |    44 |       ||    44
Throw: Dart              |       |       |     1 |       |       |       ||     1
       Large rock        |       |       |       |       |     6 |       ||     6
Invok: Heroism           |       |       |       |    14 |    20 |       ||    34
       Finesse           |       |       |       |       |     2 |       ||     2
Evoke: Wand              |       |     5 |    18 |    10 |     5 |       ||    38
  Use: Potion            |       |     1 |     4 |     1 |     1 |     1 ||     8
       Scroll            |       |       |    12 |     2 |    13 |       ||    27
 Stab: Petrified         |       |       |       |       |     7 |       ||     7
Armor: Robe              |    32 |    47 |    48 |       |       |       ||   127
       Acid dragon scale |       |       |    41 |   294 |   587 |    87 ||  1009
Dodge: Dodged            |    26 |    48 |   126 |   194 |   405 |    58 ||   857
Block: Kite shield       |     9 |       |       |       |       |       ||     9
       Tower shield      |    38 |   114 |   277 |   470 |   957 |   153 ||  2009

Table legend: (Time is in decaauts)
 A = Elapsed time spent in this place.
 B = Non-inter-level travel time spent in this place.
 C = Inter-level travel time spent in this place.
 D = Time resting spent in this place.
 E = Time spent auto-exploring this place.
 F = Levels seen in this place.
 G = Mean time per level.
                   A        B        C        D        E       F      G
               +--------+--------+--------+--------+--------+-----+--------+
         Total |  47863 |  46857 |   1006 |  25400 |  15652 |  23 | 2081.0 |
       Dungeon |  35921 |  35273 |    648 |  21248 |  10019 |  15 | 2394.7 |
        Temple |     93 |     81 |     12 |      1 |     38 |   1 |   93.0 |
          Lair |  11837 |  11493 |    344 |   4151 |   5595 |   6 | 1972.8 |
   Spider Nest |     10 |     10 |      0 |      0 |      0 |   1 |   10.0 |
               +--------+--------+--------+--------+--------+-----+--------+

Top non-repeatable levels by time:
    D:14: 3998 daAuts
    D:15: 3609 daAuts
    D:11: 3460 daAuts
     D:6: 3107 daAuts
  Lair:5: 2988 daAuts
    D:10: 2977 daAuts
     D:5: 2914 daAuts
    D:13: 2766 daAuts
  Lair:6: 2395 daAuts
    D:12: 2204 daAuts
  Lair:2: 2184 daAuts
     D:9: 2145 daAuts
     D:4: 2083 daAuts
  Lair:4: 1783 daAuts
     D:8: 1782 daAuts
